 Dungeon Crawl Stone Soup version 0.21.0 (webtiles) character file.

5110 Clarigatio the Cutter (level 10, -4/68 HPs)
             Began as a Halfling Assassin on Apr 2, 2018.
             Was a Priest of Yredelemnul.
             Slain by Snorg (21 damage)
             ... on level 9 of the Dungeon.
             The game lasted 02:07:18 (6965 turns).

Clarigatio the Cutter (Halfling Assassin)           Turns: 6965, Time: 02:07:18

Health: -4/68      AC: 11    Str: 12    XL:     10   Next: 88%
Magic:  11/11      EV: 14    Int: 11    God:    Yredelemnul [***...]
Gold:   572        SH: 11    Dex: 20    Spells: 9/9 levels left

rFire    . . .     SeeInvis .   y - +4 hunting sling "Yceklyda" {speed, Int+2}
rCold    . . .     Gourm    .   k - +0 shield
rNeg     . . .     Faith    .   R - +2 ring mail {MR+}
rPois    +         Spirit   .   (no helmet)
rElec    .         Reflect  .   U - +2 cloak
rCorr    .         Harm     .   (no gloves)
MR       +....                  (no boots)
Stlth    +++.......             (no amulet)
HPRegen  0.21/turn              s - ring of poison resistance
MPRegen  0.12/turn              (no ring)

@: no status effects
A: small, mutation resistance 1
a: Recall Undead Slaves, Injury Mirror, Animate Dead, Renounce Religion


You were on level 9 of the Dungeon.
You worshipped Yredelemnul.
Yredelemnul was most pleased with you.
You were not hungry.

You visited 2 branches of the dungeon, and saw 11 of its levels.
You also visited: Ossuary.

You collected 572 gold pieces.

Inventory:

Hand Weapons
 a - a +2 dagger
 b - a +0 blowgun
 c - a +3 dagger
 q - a cursed -3 war axe
 r - a +2 spear of venom
 y - the +4 hunting sling "Yceklyda" (weapon) {speed, Int+2}
   (You found it on level 4 of the Dungeon)

   Attacks with this weapon are significantly faster.
   It affects your intelligence (+2).
 z - a +0 whip of flaming
 F - a +4 arbalest
 M - a +1 flail of freezing
 Q - a +3 rapier
 T - a +2 dagger of draining
Missiles
 e - 58 poisoned needles
 f - 2 curare-tipped needles
 K - 19 sling bullets (quivered)
 Z - 17 bolts
Armour
 k - a +0 shield (worn)
 o - a +0 pair of gloves
 E - a +1 leather armour of cold resistance
 R - a +2 ring mail of magic resistance (worn)
 U - a +2 cloak (worn)
Jewellery
 n - an uncursed ring of magical power
 s - a ring of poison resistance (left hand)
 u - an uncursed ring of stealth {unknown}
 L - an uncursed ring of magical power
 P - an uncursed ring of fire
Wands
 v - a wand of flame (80)
 C - a wand of scattershot (5)
 N - a wand of paralysis (6)
 W - a wand of polymorph (14)
Scrolls
 h - 6 scrolls of teleportation
 j - a scroll of fog {unknown}
 w - a scroll of random uselessness {unknown}
 D - a scroll of immolation
 I - a scroll of magic mapping
 J - 2 scrolls of remove curse
 O - 2 scrolls of identify
 S - 4 scrolls of enchant armour
 V - a scroll of enchant weapon {unknown}
Potions
 d - a potion of invisibility
 i - a potion of flight
 l - a potion of brilliance
 m - 2 potions of might
 p - a potion of degeneration {unknown}
 t - a potion of mutation {unknown}
 x - a potion of magic {unknown}
 B - a potion of agility {unknown}
 G - a potion of haste
 H - 3 potions of curing
Comestibles
 g - 11 rations


   Skills:
 + Level 5.9 Fighting
 + Level 7.1 Short Blades
 + Level 1.7 Maces & Flails
 + Level 7.1(9.2) Slings
 + Level 6.3(7.1) Throwing
 + Level 5.1 Armour
 + Level 4.7 Dodging
 + Level 5.9 Stealth
 + Level 6.2 Shields
 + Level 2.3 Invocations
 + Level 1.3 Evocations


You had 9 spell levels left.
You didn't know any spells.

Dungeon Overview and Level Annotations

Branches:
Dungeon (10/15)            Temple (1/1) D:6
   Lair: D:8-11         Orc: D:9-12

Altars:
Ashenzari
Cheibriados
Dithmenos
Elyvilon
Gozag
Hepliaklqana
Nemelex Xobeh
Okawaru
Sif Muna
Trog
Uskayaw
Vehumet
Yredelemnul
Zin
The Shining One

Annotations:
D:9 Snorg


Innate Abilities, Weirdness & Mutations

You are small and have problems with some larger weapons.
You are somewhat resistant to further mutation.


Message History

Aim: Snorg (severely wounded)
You shoot a sling bullet. The sling bullet hits Snorg.
Snorg is almost dead.
Firing (i - inventory):
K - 20 sling bullets (quivered)
Press: ? - help, Shift-Dir - straight line, f/p - Snorg
Aim: Snorg (severely wounded)
You shoot a sling bullet. The sling bullet hits Snorg.
Snorg is almost dead.
Snorg goes berserk!
You block Snorg's attack. Snorg misses you. Snorg claws you. Snorg bites you!
* * * LOW HITPOINT WARNING * * *
You block Snorg's attack. Snorg misses you.
Evoke which item? (* to show all) (? for menu, Esc to quit)
Aiming: Paralyse
Press: ? - help, Shift-Dir - straight line, f/p - Snorg
Aim: Snorg (severely wounded, berserk, fast, unusually strong, chance to defeat MR: 18%) Snorg resists with almost no effort.
Snorg bites you!!
You die...
Your body rises from the dead as a mindless zombie.

#.....#........
#.....#........
#.....#.......)
#.....#.......)
##########Z....##....###
#...............#....###
#...............#.......
#.......T.......#.......
#......@........#.......
#...............#.......
#...............#.......
#####≈..........#....###
#####≈.........#....###
###...#..........#....#..
#.'.#.'≈.........#....#..
###...#..........#....#..
#####≈.........#....'..


You could see Snorg (berserk) and a friendly two-headed ogre zombie.

Vanquished Creatures
  2 two-headed ogres (D:9)
  Pikel (D:6)
  The ghost of Bregath the Chopper, a novice MiBe of Trog (D:4)
  Prince Ribbit (D:6)
  A hippogriff (D:7)
  Menkaure (Ossuary)
  Edmund (D:4)
  A sky beast (D:6)
  A slave (D:6)
  5 ogres
  A phantom (D:9)
  2 centaurs
  A big kobold (D:9)
  2 bullfrogs
  6 killer bees (D:8)
  A wight (D:7)
  5 howler monkeys
  A bullfrog zombie (D:6)
  2 crimson imps
  3 jellies (D:9)
  A hound (D:6)
  2 bullfrog skeletons
  3 orc priests (D:7)
  8 orc wizards
  2 iguanas
  6 worker ants
  A hound skeleton (D:4)
  2 mummies (Ossuary)
  2 worker ant zombies (D:5)
  4 adders
  7 gnolls
  2 shadow imps
  6 oozes
  An adder skeleton (D:4)
  5 worms
  3 dart slugs
  3 leopard geckos (D:3)
  14 orcs
  A ball python (D:4)
  2 bats (D:2)
  3 giant cockroaches
  A gnoll zombie (Ossuary)
  2 goblins
  3 hobgoblins
  5 jackals
  3 quokkas
  3 frilled lizards
  A giant cockroach zombie (D:5)
  2 gnoll skeletons (Ossuary)
  2 goblin skeletons (D:4)
  6 goblin zombies
  4 hobgoblin skeletons (Ossuary)
  4 hobgoblin zombies
  A jackal skeleton (D:4)
  11 kobolds
  2 kobold skeletons (Ossuary)
  5 kobold zombies
  2 leopard gecko zombies
  6 orc skeletons
  4 orc zombies (Ossuary)
  7 rats
  3 rat zombies (Ossuary)
  A fungus (D:6)
195 creatures vanquished.

Vanquished Creatures (collateral kills)
  A black bear (D:8)
  An ogre (D:8)
  A hound (D:9)
  A bullfrog skeleton (D:8)
  2 worker ants (D:8)
  2 kobolds (D:9)
8 creatures vanquished.

Vanquished Creatures (others)
  A bullfrog zombie (D:9)
  A big kobold skeleton (D:9)
  A mummy (Ossuary)
  An orc zombie (D:9)
  A gnoll zombie (Ossuary)
  2 gnoll skeletons (Ossuary)
  3 goblin skeletons (Ossuary)
  A goblin zombie (Ossuary)
  3 hobgoblin skeletons (Ossuary)
  A hobgoblin zombie (Ossuary)
  2 kobold skeletons (Ossuary)
  5 kobold zombies
  4 rat skeletons (Ossuary)
  2 rat zombies (Ossuary)
28 creatures vanquished.

Grand Total: 231 creatures vanquished

Notes
Turn   | Place    | Note
-------+----------+-------------------------------------------
     0 | D:1      | Clarigatio the Halfling Assassin began the quest for the Orb.
     0 | D:1      | Reached XP level 1. HP: 14/14 MP: 1/1
   141 | D:1      | Reached XP level 2. HP: 19/19 MP: 2/2
   494 | D:2      | Found a glowing silver altar of Zin.
   494 | D:2      | Noticed an angel
   675 | D:2      | Reached XP level 3. HP: 24/24 MP: 3/3
   765 | D:2      | Reached XP level 4. HP: 17/29 MP: 4/4
   855 | D:2      | Reached skill level 5 in Stealth
  1358 | D:3      | Reached XP level 5. HP: 34/34 MP: 5/5
  1597 | D:3      | Found a bloodstained altar of Trog.
  1597 | D:3      | Found a radiant altar of Vehumet.
  1807 | D:4      | Noticed an ogre
  1824 | D:4      | Killed an ogre
  1824 | D:4      | Reached skill level 1 in Shields
  1824 | D:4      | Reached XP level 6. HP: 41/41 MP: 6/6
  1852 | D:4      | Got a twisted hunting sling
  1988 | D:4      | Found a snail-covered altar of Cheibriados.
  2214 | D:4      | Found a glowing golden altar of the Shining One.
  2244 | D:4      | Identified the +4 hunting sling "Yceklyda" {speed, Int+2} (You found it on level 4 of the Dungeon)
  2250 | D:4      | Reached skill level 1 in Armour
  2272 | D:4      | Noticed Edmund
  2282 | D:4      | Noticed Bregath's ghost (novice MiBe)
  2287 | D:4      | Killed Bregath's ghost
  2287 | D:4      | Reached XP level 7. HP: 45/46 MP: 7/7
  2287 | D:4      | Killed Edmund
  2287 | D:4      | Reached skill level 1 in Slings
  2287 | D:4      | Reached skill level 1 in Evocations
  2287 | D:4      | Reached XP level 8. HP: 51/52 MP: 8/8
  2523 | D:4      | Reached skill level 5 in Short Blades
  2840 | D:5      | Entered Level 5 of the Dungeon
  3519 | D:5      | Reached skill level 1 in Maces & Flails
  3785 | D:6      | Reached skill level 5 in Throwing
  3880 | D:6      | Reached XP level 9. HP: 58/58 MP: 9/9
  4094 | D:6      | Found a staircase to the Ecumenical Temple.
  4119 | D:6      | Noticed Prince Ribbit
  4146 | D:6      | Killed Prince Ribbit
  4196 | Temple   | Entered the Ecumenical Temple
  4220 | Temple   | Became a worshipper of Yredelemnul the Dark
  4480 | D:6      | Noticed Pikel
  4516 | D:6      | Killed Pikel
  4636 | D:7      | Noticed a hippogriff
  4656 | D:7      | Killed a hippogriff
  5215 | D:7      | Reached * piety under Yredelemnul
  5307 | D:7      | Reached skill level 5 in Shields
  5378 | D:8      | Noticed an enchanted hand axe
  5378 | D:8      | Noticed a hand axe
  5380 | D:8      | Found a hide-covered altar of Uskayaw.
  5416 | D:8      | Reached XP level 10. HP: 64/65 MP: 10/10
  5540 | D:8      | Reached skill level 5 in Slings
  5541 | D:8      | Reached skill level 5 in Fighting
  5618 | D:8      | Found a sand-covered staircase.
  5623 | Ossuary  | Entered an ossuary
  5697 | Ossuary  | Reached ** piety under Yredelemnul
  5907 | Ossuary  | Noticed Menkaure
  5919 | Ossuary  | Killed Menkaure
  6169 | D:9      | Reached skill level 1 in Invocations
  6438 | D:9      | Noticed a two-headed ogre
  6507 | D:9      | Killed a two-headed ogre
  6687 | D:9      | Reached *** piety under Yredelemnul
  6693 | D:9      | Reached skill level 5 in Armour
  6792 | D:9      | Found a hazy altar of Hepliaklqana.
  6865 | D:10     | Entered Level 10 of the Dungeon
  6865 | D:10     | Noticed Snorg
  6904 | D:10     | Noticed a two-headed ogre
  6935 | D:9      | Killed a two-headed ogre
  6965 | D:9      | Slain by Snorg

Skill      XL: |  1  2  3  4  5  6  7  8  9 10 |
---------------+-------------------------------+-----
Short Blades   | 3 4 5 6 7 |  7.1
Fighting       | 2 3 4 5 |  5.9
Stealth        | 5 |  5.9
Throwing       | 3 4 5 6 |  6.3
Dodging        | 2 3 4 |  4.7
Shields        | 1 2 3 5 6 |  6.2
Armour         | 2 3 4 5 |  5.1
Slings         | 1 4 7 |  7.1
Evocations     | 1 |  1.3
Maces & Flails | 1 |  1.7
Invocations    | 2 |  2.3

Action                   |  1- 3 |  4- 6 |  7- 9 | 10-12 || total
-------------------------+-------+-------+-------+-------++-------
Melee: Dagger            |    29 |   147 |   384 |   194 ||   754
       Flail             |       |       |    33 |       ||    33
       Whip              |       |       |       |     6 ||     6
 Fire: Blowgun           |    25 |    33 |    84 |    10 ||   152
       Hunting sling     |       |     5 |    45 |    69 ||   119
Throw: Stone             |       |       |     5 |       ||     5
Invok: Animate Remains   |       |       |       |    10 ||    10
       Recall Undead Sla |       |       |       |     2 ||     2
       Animate Dead      |       |       |       |     1 ||     1
Evoke: Wand              |       |     5 |     2 |     5 ||    12
  Use: Potion            |     1 |     1 |     4 |     6 ||    12
       Scroll            |     1 |       |     7 |     7 ||    15
 Stab: Sleeping          |       |     1 |       |       ||     1
       Distracted        |       |     1 |       |     1 ||     2
  Eat: Chunk             |       |     4 |     7 |     5 ||    16
       Ration            |       |       |     1 |     1 ||     2
Armor: Robe              |     3 |     2 |       |       ||     5
       Skin              |       |     9 |    10 |    51 ||    70
       Leather armour    |       |    13 |    21 |       ||    34
       Ring mail         |       |       |    29 |    46 ||    75
Dodge: Dodged            |    15 |    46 |   132 |    94 ||   287
Block: Shield            |     3 |    37 |   145 |   138 ||   323
